 Dungeon Crawl Stone Soup version 0.31-a0-851-g7ff8af7976 (webtiles) character file.

Game seed: 7252932613277129325

1 Kurtz the Sneak (level 1, 18/18 HPs)
             Began as a Mummy Delver on Oct 6, 2023.
             Quit the game on level 4 of the Dungeon.
             The game lasted 00:00:18 (88 turns).

Kurtz the Sneak (Mummy Delver)                        Turns: 88, Time: 00:00:18

Health: 18/18      AC:  3    Str: 15    XL:     1   Next: 16%
Magic:  1/1        EV: 11    Int:  9    God:
Gold:   0          SH:  0    Dex: 13    Spells: 0/0 levels left

rFire   x . .        a - +0 hand axe
rCold   + . .        (no shield)
rNeg    + + +        b - +0 leather armour
rPois   ∞            (no helmet)
rElec   .            (no cloak)
rCorr   .            (no gloves)
SInv    .            (no boots)
Will    .....        (no amulet)
Stlth   ++           (no ring)
HPRegen 0.23/turn    (no ring)
MPRegen 0.07/turn

%: faith
@: no status effects
A: cold resistance 1, negative energy resistance 3, torment resistance 2, heat
vulnerability 1, in touch with death 1, no potions, faith
a: no special abilities


You were on level 4 of the Dungeon.
You visited 1 branch of the dungeon, and saw 2 of its levels.

Inventory:

Hand Weapons
 a - a +0 hand axe (weapon)
Armour
 b - a +0 leather armour (worn)
Wands
 f - a wand of digging (3)
Scrolls
 c - a scroll of fog
 d - a scroll of revelation
 e - a scroll of fear


   Skills:
 - Level 3.0 Fighting
 * Level 1.7 Axes
 - Level 1.5 Dodging
 - Level 4.1 Stealth


You couldn't memorise any spells.
You didn't know any spells.
Your spell library was empty.

Dungeon Overview and Level Annotations

Branches:
Dungeon (5/15)
 Temple: D:4-7

Altars:

Annotations:
D:5 Blork the orc


Innate Abilities, Weirdness & Mutations

You are immune to poison.
Your flesh is cold resistant. (rC+)
You are immune to negative energy. (rN+++)
You are immune to unholy pain and torment.
You are vulnerable to heat. (rF-)
You are in touch with the powers of death.
You do not drink.
You have a special connection with the divine. (Faith)


Message History

A quokka comes into view.
Found 2 stones.
The quokka bites you but does no damage.
You hit the quokka but do no damage. The quokka bites you. x2
The quokka attacks as it pursues you! The quokka barely misses you.
You hit the quokka.
The quokka is severely wounded.
The quokka bites you.
You barely miss the quokka.
The quokka is severely wounded.
The quokka barely misses you. x2
You closely miss the quokka.
The quokka is severely wounded.
The quokka barely misses you. The quokka bites you.
You closely miss the quokka.
The quokka is severely wounded.
The quokka bites you but does no damage.
You closely miss the quokka.
The quokka is severely wounded.
The quokka bites you but does no damage.
The quokka barely misses you.
You miss the quokka.
The quokka is severely wounded.
The quokka bites you.
You are too injured to fight recklessly!
You hit the quokka.
You kill the quokka!
You are too injured to fight recklessly!
Found a leather armour.
Found a stone staircase leading up.
Found a scroll labelled DERCHU QUNTASE.
There is a stone staircase leading up here.
You start resting.
HP restored.
You climb upwards.
You hear the sound of rushing water.
There is an entrance to a sewer on this level.
Hurry and find it before the portal rusts away!
Found a scroll of fog and a scroll labelled NOJIGOYLAD.
There is a stone staircase leading down here.
Are you sure you want to abandon this character and quit the game? (Confirm with "yes".)

###
#..##
#...#
#...#
#..@#
#?.##
#..
....
.....
...?...
.......
.......


There were no monsters in sight!

Vanquished Creatures
  A quokka (D:5)
1 creature vanquished.

Notes
Turn   | Place    | Note
-------+----------+-------------------------------------------
     0 | D:5      | Kurtz the Mummy Delver began the quest for the Orb.
     0 | D:5      | Reached XP level 1. HP: 18/18 MP: 1/1
     1 | D:5      | Noticed Blork the orc
    25 | D:5      | Noticed a scorpion
    25 | D:5      | Noticed an iguana
    88 | D:4      | Quit the game

Illustrated notes

Levels and vault maps discovered:
D:4:      layout_gridville, portal_sewer_entry_e, dk_rats_in_the_wall,
          uniq_crazy_yiuf_cottage
D:5:      layout_basic, uniq_blork_the_orc

Action                     || total
---------------------------++-------
  Melee: Hand axe          ||     8
 Armour: Leather armour    ||     8
  Dodge: Dodged            ||     5

Table legend: (Time is in decaauts)
 A = Elapsed time spent in this place.
 B = Non-inter-level travel time spent in this place.
 C = Inter-level travel time spent in this place.
 D = Time resting spent in this place.
 E = Time spent auto-exploring this place.
 F = Levels seen in this place.
 G = Mean time per level.
                   A        B        C        D        E       F      G
               +--------+--------+--------+--------+--------+-----+--------+
         Total |     89 |     89 |      0 |     19 |     19 |   2 |   44.5 |
       Dungeon |     89 |     89 |      0 |     19 |     19 |   2 |   44.5 |
               +--------+--------+--------+--------+--------+-----+--------+

Top non-repeatable levels by time:
     D:5: 88 daAuts
     D:4: 0 daAuts
